 Dungeon Crawl Stone Soup version 0.31-a0-214-gb37851dbb3 (webtiles) character file.

Game seed: 16671442517079331535

48 qw the Shooter (level 3, -5/29 HPs)
             Began as a Minotaur Hexslinger on July 1, 2023.
             Slain by a gnoll
             ... wielding a +0 club
              (7 damage)
             ... on level 2 of the Dungeon.
             The game lasted 00:00:24 (1290 turns).

qw the Shooter (Minotaur Hexslinger)                Turns: 1290, Time: 00:00:24

Health: -5/29      AC:  5    Str: 12    XL:     3   Next: 50%
Magic:  3/3        EV: 11    Int: 10    God:
Gold:   40         SH:  0    Dex: 14    Spells: 3/4 levels left

rFire   . . .        Y - +1 sling
rCold   . . .        (no shield)
rNeg    . . .        g - +0 ring mail
rPois   .            (helmet restricted)
rElec   .            (no cloak)
rCorr   .            (no gloves)
SInv    .            (no boots)
Will    .....        (no amulet)
Stlth   +            (no ring)
HPRegen 0.24/turn    (no ring)
MPRegen 0.08/turn

%: no passive effects
@: no status effects
A: horns 2, retaliatory headbutt
a: no special abilities


You were on level 2 of the Dungeon.
You visited 1 branch of the dungeon, and saw 2 of its levels.

You collected 40 gold pieces.


Innate Abilities, Weirdness & Mutations

You have a pair of horns on your head.
You reflexively headbutt those who attack you in melee.


   Skills:
 - Level 2.0 Fighting
 - Level 4.0 Ranged Weapons
 + Level 0.0 Armour
 - Level 2.1 Dodging
 - Level 1.0 Spellcasting
 - Level 2.0 Hexes


You had 3 spell levels left.
You knew the following spells:

 Your Spells              Type           Power      Damage    Failure   Level
a - Slow                  Hex            16%        N/A       34%         1

Your spell library contained the following spells:

 Spells                   Type           Power      Damage    Failure   Level
 Inner Flame              Hex/Fire       2%         N/A       83%         3
 Portal Projectile        Hex/Tloc       4%         N/A       83%         3
 Cause Fear               Hex            2%         N/A       98%         4

Inventory:

Hand Weapons
 Y - a +1 sling (weapon)
Armour
 g - a +0 ring mail (worn)
Scrolls
 f - a scroll of identify
Potions
 a - a potion of enlightenment {unknown}
 d - a potion of curing {unknown}

Dungeon Overview and Level Annotations

Branches:
Dungeon (2/15)

Altars:


Message History

The gnoll hits you from afar with a +0 spear.
You shoot a sling bullet. The sling bullet hits the gnoll.
The gnoll is severely wounded.
The gnoll hits you from afar with a +0 spear!
You shoot a sling bullet.
The sling bullet barely misses the gnoll.
The gnoll barely misses you.
You shoot a sling bullet.
The sling bullet closely misses the gnoll.
The sling bullet hits the gnoll.
The gnoll is almost dead.
The gnoll closely misses you. The gnoll hits you with a +0 club!
You shoot a sling bullet. The sling bullet hits the gnoll.
The gnoll is moderately wounded.
The kobold closely misses you.
The gnoll hits you from afar with a +0 spear.
The gnoll barely misses you. The gnoll closely misses you.
The gnoll hits you with a +0 club. x2; The kobold misses you.
The gnoll closely misses you.
The gnoll hits you from afar with a +0 spear.
1288 ||| DRINKING potion of heal wounds.
You feel much better. The gnoll misses you. The gnoll hits you with a +0 club.
The gnoll barely misses you. You furiously retaliate!
You headbutt the gnoll, but do no damage.
The kobold hits you but does no damage. The gnoll barely misses you.
You shoot a sling bullet. The sling bullet hits the gnoll.
The gnoll is heavily wounded.
The gnoll hits you with a +0 club. The kobold hits you with a +0 club.
The gnoll barely misses you.
The gnoll hits you from afar with a +0 spear!
The gnoll barely misses you.
You shoot a sling bullet.
The sling bullet hits the gnoll but does no damage.
The gnoll is heavily wounded.
The kobold completely misses you. You furiously retaliate!
You headbutt the kobold.
You kill the kobold!
The gnoll hits you with a +0 club!
You die...

#......##
#.#.###..#
# #.#
##.### #.#
#...# #.#
###.# #.#
#.# #.#
#.########
#.#
#.%gg.....
#.#
#.@g......
#.#
#..)g.....
#.#
##........
#.#
#.....[..
#.#
#........
#.#
#........
#.#
#........
#.#
#........
##.#######


You could see 4 gnolls.

Vanquished Creatures
  2 adders (D:2)
  4 bats
  4 endoplasms
  A giant cockroach (D:1)
  A goblin (D:1)
  3 hobgoblins (D:1)
  3 quokkas (D:1)
  3 ball pythons
  3 frilled lizards (D:1)
  4 kobolds
  3 rats (D:1)
31 creatures vanquished.

Notes
Turn   | Place    | Note
-------+----------+-------------------------------------------
     0 | D:1      | qw the Minotaur Hexslinger began the quest for the Orb.
     0 | D:1      | Reached XP level 1. HP: 16/16 MP: 1/1
     0 | D:1      | 0 ||| qw: Version: 0.3-a-32-g5962c71
     0 | D:1      | 0 ||| qw: Game counter: 7535
     0 | D:1      | 0 ||| qw: Melee chars always use a shield: true
     0 | D:1      | 0 ||| qw: God list: Okawaru
     0 | D:1      | 0 ||| qw: Allow faded altars: false
     0 | D:1      | 0 ||| qw: Do Orc after clearing Dungeon:15 true
     0 | D:1      | 0 ||| qw: Do second Lair branch before Depths: true
     0 | D:1      | 0 ||| qw: Lair rune preference: random
     0 | D:1      | 0 ||| qw: Goals: Normal
     0 | D:1      | 0 ||| PLANNING D:1-11
   148 | D:1      | Reached skill level 3 in Ranged Weapons
   173 | D:1      | Reached XP level 2. HP: 20/23 MP: 2/2
  1081 | D:1      | 1081 ||| UPGRADING to +0 ring mail.
  1091 | D:1      | 1091 ||| DROPPING +0 robe.
  1092 | D:1      | 1092 ||| READING scroll labelled WUVOL EFATT.
  1093 | D:1      | 1093 ||| READING 2 scrolls labelled RUSHIRPH TICLO.
  1094 | D:1      | 1094 ||| DRINKING 2 glowing emerald potions.
  1095 | D:1      | 1095 ||| DROPPING scroll of poison.
  1125 | D:2      | 1125 ||| STAIRDANCE
  1133 | D:1      | Reached XP level 3. HP: 26/29 MP: 3/3
  1258 | D:2      | Found a faded altar of an unknown god.
  1277 | D:2      | Reached skill level 4 in Ranged Weapons
  1287 | D:2      | HP: 3/29 [gnoll/+0 club (5)]
  1287 | D:2      | HP: 1/29 [gnoll/+0 spear (2)]
  1288 | D:2      | 1288 ||| DRINKING potion of heal wounds.
  1290 | D:2      | Slain by a gnoll

Levels and vault maps discovered:
D:1:      dpeg_arrival_water_temple_mockup, layout_basic, minmay_tiny_reverse_x
D:2:      minmay_roachtagon, layout_basic, hellmonk_ecumenical_altar_zigzags

Skill      XL: |  1  2  3 |
---------------+----------+-----
Ranged Weapons | 3 4 |  4.0
Fighting       | 2 |  2.0
Dodging        | |  2.1
Spellcasting   | |  1.0
Hexes          | |  2.0

Action                     || total
---------------------------++-------
   Fire: Sling             ||    90
    Use: Scroll            ||     2
         Potion            ||     2
 Armour: Ring mail         ||    11
         Robe              ||     1
  Dodge: Dodged            ||    38

Table legend:
 A = Non-vault XP
 B = Vault XP
 C = Vault XP percentage of total XP
 D = Non-vault monster count
 E = Vault monster count
 F = Vault count percentage of total count
                 A         B        C        D         E       F
            +---------+---------+-------+---------+---------+-------
      Total |      68 |       2 |   2.9 |      29 |       2 |   6.5
            +---------+---------+-------+---------+---------+-------
        D:1 |      36 |       2 |   5.3 |      23 |       2 |   8.0
        D:2 |      32 |       0 |   0.0 |       6 |       0 |   0.0
            +---------+---------+-------+---------+---------+-------
